 Dungeon Crawl Stone Soup version 0.31-a0-128-g25add195a6 (webtiles) character file.

Game seed: 11162616615932513154

95 xian the Trooper (level 4, 0/43 HPs)
             Began as a Gargoyle Berserker on June 2, 2023.
             Was a Believer of Trog.
             Killed by nerve-wracking pain
             ... invoked by an orc priest
              (4 damage)
             ... on level 3 of the Dungeon.
             The game lasted 00:03:49 (1810 turns).

xian the Trooper (Gargoyle Berserker)               Turns: 1810, Time: 00:03:49

Health: 0/43       AC: 10    Str: 22    XL:     4   Next: 66%
Magic:  4/4        EV: 10    Int:  8    God:    Trog [**....]
Gold:   136        SH:  0    Dex:  9    Spells: 3/3 levels left

rFire   . . .        a - +0 hand axe
rCold   . . .        (no shield)
rNeg    + . .        o - +0 scale mail
rPois   ∞            (no helmet)
rElec   +            (no cloak)
rCorr   .            (no gloves)
SInv    .            (no boots)
Will    .....        (no amulet) Stlth
                     (no ring)
HPRegen 0.27/turn    (no ring)
MPRegen 0.09/turn

%: no passive effects
@: berserking, very quick
A: sickness immunity, AC +3, negative energy resistance 1, electricity
resistance, torment resistance 1, petrification resistance
a: Renounce Religion, Berserk, Trog's Hand


You were on level 3 of the Dungeon.
You worshipped Trog.
Trog was pleased with you.
You visited 1 branch of the dungeon, and saw 3 of its levels.

You collected 136 gold pieces.

Inventory:

Hand Weapons
 a - a +0 hand axe (weapon)
Missiles
 b - 3 boomerangs
 c - 16 poisoned darts (quivered)
Armour
 o - a +0 scale mail (worn)
Scrolls
 e - 3 scrolls of identify {unknown}
 h - a scroll of noise {unknown}
 i - a scroll of amnesia {unknown}
 k - a scroll of vulnerability {unknown}
 l - a scroll of summoning {unknown}
 n - a scroll of teleportation {unknown}
Potions
 d - 2 potions of might {unknown}
 f - a potion of brilliance {unknown}
 g - a potion of lignification {unknown}
 j - 2 potions of mutation {unknown}
 m - a potion of curing {unknown}


   Skills:
 + Level 3.9 Fighting
 + Level 3.8 Axes
 * Level 0.3 Throwing
 + Level 2.3 Armour
 + Level 2.0 Dodging
 + Level 1.0 Stealth


You had 3 spell levels left.
You didn't know any spells.
Your spell library was empty.

Dungeon Overview and Level Annotations

Branches:
Dungeon (3/15)

Altars:
Hepliaklqana


Innate Abilities, Weirdness & Mutations

You are immune to sickness and miasma.
Your stone body is resilient. (AC +3)
You are immune to poison.
You resist negative energy. (rN+)
You are resistant to electric shocks. (rElec)
You are resistant to unholy torment.
You are immune to petrification.


Message History

You barely miss the orc. The orc hits you but does no damage. x2
The orc barely misses you. The orc hits you with a +0 falchion.
The orc priest closely misses you.
There is an open door here.
Things that are here:
a +0 short sword; an orc corpse You hit the orc.
The orc is lightly wounded.
You barely miss the orc priest. You hit the orc.
The orc hits you but does no damage. The orc hits you with a +0 falchion.
The orc priest hits you but does no damage.
You closely miss the orc.
The orc is lightly wounded.
You closely miss the orc. You slash the orc priest!
The orc hits you but does no damage. The orc barely misses you.
The orc priest hits you but does no damage.
You hit the orc priest.
The orc priest is severely wounded.
You hit the orc.
You kill the orc!
Trog accepts your kill.
You barely miss the orc. The orc hits you with a +0 falchion.
The orc priest barely misses you.
You closely miss the orc priest.
The orc priest is severely wounded.
You hit the orc. The orc hits you but does no damage.
The orc priest invokes the aid of Beogh against you.
Beogh smites you!
* * * LOW HITPOINT WARNING * * *
You barely miss the orc priest.
The orc priest is severely wounded.
You barely miss the orc. The orc barely misses you.
The orc priest hits you with a +0 mace.
* * * LOW HITPOINT WARNING * * *
Okay, then.
A red film seems to cover your vision as you go berserk!
You feel yourself moving faster!
You feel mighty! The orc closely misses you.
The orc priest calls down the wrath of Beogh upon you.
Pain shoots through your body!
You die...

#.#..#.)....#
#........#.#..#....###
#........#.#..#....#
#........#.#..#†...#
#........#.#..#....#
#........#.#..#....#
#........#.#..#....#
#.....o..#.....†...#
.######@###.........#
......).o...........#
....................#
############........#
......#....#
.......#....#
###....#......
...........#..
...........###


You could see an orc priest and an orc.

Vanquished Creatures
  2 adders
  A worm (D:3)
  4 dart slugs (D:1)
  3 orcs (D:3)
  13 ball pythons
  4 bats
  4 endoplasms
  7 goblins
  5 hobgoblins
  6 kobolds
  3 quokkas
  4 frilled lizards
  3 rats
59 creatures vanquished.

Notes
Turn   | Place    | Note
-------+----------+-------------------------------------------
     0 | D:1      | xian the Gargoyle Berserker began the quest for the Orb.
     0 | D:1      | Reached XP level 1. HP: 14/14 MP: 1/1
    97 | D:1      | Reached XP level 2. HP: 19/19 MP: 2/2
   277 | D:1      | Reached XP level 3. HP: 20/24 MP: 3/3
   388 | D:1      | Found a faded altar of an unknown god.
   512 | D:1      | Reached ** piety under Trog
   902 | D:2      | Found a hazy altar of Hepliaklqana.
  1179 | D:2      | Reached XP level 4. HP: 26/29 MP: 4/4
  1202 | D:2      | Reached skill level 1 in Stealth
  1810 | D:3      | Killed from afar by an orc priest

Illustrated notes

Levels and vault maps discovered:
D:1:      amcnicky_arrival_feature_with_door, layout_basic,
          nicolae_ecumenical_snake_handling
D:2:      layout_loops_corners, basic_altar, minmay_pentomino_pile
D:3:      layout_basic

Skill      XL: |  1  2  3  4 |
---------------+-------------+-----
Axes           | 3 |  3.8
Dodging        | 2 |  2.0
Stealth        | 1 |  1.0
Fighting       | |  3.9
Throwing       | |  0.3
Armour         | |  2.3

Action                     |  1- 3 |  4- 6 || total
---------------------------+-------+-------++-------
  Melee: Hand axe          |   113 |    57 ||   170
  Throw: Dart              |     2 |     1 ||     3
 Invoke: Berserk           |     2 |     1 ||     3
   Stab: Sleeping          |     1 |       ||     1
 Armour: Animal skin       |    40 |     9 ||    49
         Scale mail        |       |    20 ||    20
  Dodge: Dodged            |   105 |    34 ||   139

Table legend: (Time is in decaauts)
 A = Elapsed time spent in this place.
 B = Non-inter-level travel time spent in this place.
 C = Inter-level travel time spent in this place.
 D = Time resting spent in this place.
 E = Time spent auto-exploring this place.
 F = Levels seen in this place.
 G = Mean time per level.
                   A        B        C        D        E       F      G
               +--------+--------+--------+--------+--------+-----+--------+
         Total |   1849 |   1818 |     31 |      0 |   1224 |   3 |  616.3 |
       Dungeon |   1849 |   1818 |     31 |      0 |   1224 |   3 |  616.3 |
               +--------+--------+--------+--------+--------+-----+--------+

Top non-repeatable levels by time:
     D:2: 936 daAuts
     D:1: 754 daAuts
     D:3: 159 daAuts
